← All builds
Suicide front / Armada / Factory first / OBSERVED BUILD

Standard suicide front

Bot Lab first into Rocketeer/Centurion/Pawn to contest the middle early and hold until T2 arrives, the role's baseline play.

Usually lab first (62%)

#rush · 1185 distinct matches · 125 players · 71% of Armada Suicide front games · team won 60% of 1411 · Recently observed

HOW TO PLAY IT

Key timing: Bot Lab by 0:20

  1. Open with mex and wind, drop Bot Lab immediately.
  2. Push out first "Centurion" as Pond's boost lands.
  3. Send "Rocketeer", "Centurion", "Pawn" mix to contest middle.
  4. Add Dragon's Teeth and Sentries to hold the line.
  5. Get Advanced Metal Extractor up as T2 nears.

Phase by phase

TYPICAL OF ITS 1185 GAMES
  1. 1
  2. 2
  3. 3
PLAY THE OPENING

Follow the example game's first 6:00 step by step: what to build now, what comes next, and where it goes. At 1× it keeps pace with your own game.

  1. 1

    Bot Lab first

    Order
    1. Bot LabBot Lab done ~0:20, middle half 0:20–0:33

    Some games also: mex (37%)

  2. 2

    Bot Lab to 5:00

    Economy
    • Metal Extractor5Mex
    • Wind Turbine4Wind
    Builders
    • Construction Bot3 Con bot
    • Lazarus2 Lazarus
    Army
    • Sentry4 Sentry
    • Rocketeer18 Rocketeer
    • Tick2 Tick
    • Centurion1 Centurion
    Other
    • Radar Tower1 Radar Tower

    Some games also: con turret (35%) · pawn (31%)

    By 5:00 in all: 5 mex · 5 wind

    The example game in this phase · 32 steps
    1. TickTick
    2. Mex
    3. TickTick
    4. Wind
    5. Construction BotCon bot
    6. Wind
    7. Mex ×2
    8. Construction BotCon bot
    9. SentrySentry
    10. Construction BotCon bot
    11. LazarusLazarus
    12. Mex
    13. CenturionCenturion
    14. Radar TowerRadar Tower
    15. SentrySentry
    16. RocketeerRocketeer
    17. PawnPawn ×2
    18. Mex
    19. RocketeerRocketeer
    20. SentrySentry
    21. RocketeerRocketeer
    22. SentrySentry
    23. RocketeerRocketeer
    24. Mex
    25. RocketeerRocketeer ×6
    26. Construction BotCon bot
    27. LazarusLazarus
    28. Construction BotCon bot
    29. RocketeerRocketeer ×5
    30. PawnPawn
    31. SentrySentry
    32. PawnPawn
  3. 3

    5:00 to 10:00

    Economy
    • Metal Extractor1Mex
    • Wind Turbine17Wind
    Builders
    • Construction Turret2 Con turret
    • Lazarus2 Lazarus
    • Construction Bot1 Con bot
    Army
    • Sentry1 Sentry
    • Rocketeer8 Rocketeer
    • Pawn1 Pawn

    Some games also: tick (48%) · Radar Tower (47%) · energy storage (46%) · centurion (45%) · Beamer (38%)

    By 10:00 in all: 6 mex · 23 wind · 1 energy storage · 3 con turret

    The example game in this phase · 81 steps
    1. PawnPawn
    2. Radar TowerRadar Tower
    3. PawnPawn
    4. Wind
    5. PawnPawn ×3
    6. Wind
    7. PawnPawn ×2
    8. Wind
    9. PawnPawn ×2
    10. Wind
    11. PawnPawn
    12. LazarusLazarus
    13. Wind
    14. LazarusLazarus
    15. Wind
    16. LazarusLazarus
    17. PawnPawn
    18. Wind
    19. PawnPawn ×2
    20. Wind
    21. PawnPawn ×2
    22. Wind
    23. PawnPawn ×2
    24. Wind
    25. PawnPawn ×2
    26. Wind
    27. PawnPawn ×2
    28. Wind
    29. PawnPawn ×2
    30. Con turret
    31. Wind
    32. PawnPawn
    33. Wind
    34. Energy storage
    35. Wind
    36. Energy storage
    37. SentrySentry
    38. Wind
    39. Energy storage
    40. Radar TowerRadar Tower
    41. Wind
    42. Advanced solar
    43. SentrySentry
    44. Wind
    45. CenturionCenturion
    46. Wind
    47. Advanced solar
    48. Wind ×3
    49. CenturionCenturion
    50. Wind
    51. Advanced solar
    52. Wind ×2
    53. CenturionCenturion
    54. Twilight
    55. Wind ×2
    56. CenturionCenturion
    57. BeamerBeamer
    58. Converter
    59. CenturionCenturion
    60. Converter
    61. Con turret
    62. Converter
    63. BeamerBeamer
    64. Converter
    65. Advanced Metal ExtractorT2 mexdone 12:07 · typical 9:37
    66. Con turret
    67. Converter
    68. CenturionCenturion
    69. Converter
    70. CenturionCenturion
    71. Advanced Metal ExtractorT2 mex
    72. CenturionCenturion
    73. Wind
    74. Metal storage
    75. Wind
    76. CenturionCenturion
    77. BeamerBeamer
    78. Wind
    79. Advanced Metal ExtractorT2 mex
    80. CenturionCenturion
    81. Wind

Counts are medians over the build's games: half of them build more, half fewer. The example game is [BS]Hellzie's (38 OS, 05/09/2026); pick another.

Team trades

IN AT LEAST 30% OF ITS GAMES

You hand over

Nothing regular.

You get

  • Tidal Generator4 Tidal from Pondfirst at 0:10 · in 69% of games
  • Advanced Construction Bot1 T2 con bot from Geo or Techfirst at 7:30 · in 58% of games

How it plays out

Typical game of this build, running totals by minute

Metal produced

010k20k30k
0:005:0010:0015:00

metal

Enemy metal destroyed

05k10k
0:005:0010:0015:00

metal

Own metal lost

05k10k
0:005:0010:0015:00

metal

1411 games.

Show as table
ByMetal produced: This buildEnemy metal destroyed: This buildOwn metal lost: This build
1:0022600
2:0088900
3:002056172106
4:003161660486
5:00423614131020
6:00543023271785
7:00666131792732
8:00791040353631
9:00929848164516
10:001068854265336
11:001224158986080
12:001402465176842
13:001604270137523
14:001796976808336
15:002029783029228
WHAT THE NUMBERS SAY

Standard suicide front play wins slightly more than half its games with fast kills but also fast losses, matching the raw grind of the role.

  • + First kill lands by 2:04 in all games
  • + Metal produced reaches 19882 by 15:00
  • − Own metal lost hits 9208 by 15:00, near metal destroyed of 8172
  • − First unit lost as early as 2:08 in every game
THE EXAMPLE YOU ARE READING

[BS]Hellzie

38.0 OS · 05/09/2026

Open source match ↗

10 received units · includes a constructor
53 metal received · 26702 energy received

Allied construction assistance is unknown. Timings are observations, not a promise of solo reproducibility.

Typical milestones

Bot Lab0:20Middle 50%: 0:20–0:33 · n=1405
Advanced Metal Extractor9:37Middle 50%: 8:41–10:48 · n=1035

Played most by

_X_252games of this buildPlatinumBlonde166games of this buildXad109games of this buildImmort62games of this buildwatermeloans58games of this build